 Dungeon Crawl Stone Soup version 0.28-a0-1130-gc51a68064b (webtiles) character file.

Game seed: 14815212493036367480

1004 ytrimaz the Insei (level 8, -1/52 HPs)
             Began as an Octopode Transmuter on Dec 12, 2021.
             Was an Initiate of Ashenzari.
             Slain by Pikel (13 damage)
             ... on level 6 of the Dungeon.
             The game lasted 00:06:20 (4910 turns).

ytrimaz the Insei (Octopode Transmuter)             Turns: 4910, Time: 00:06:20

Health: -1/52      AC:  2    Str:  9    XL:     8   Next: 20%
Magic:  7/14       EV: 21    Int: 18    God:    Ashenzari [......]
Gold:   294        SH:  0    Dex: 17    Spells: 10/16 levels left

rFire   . . .      SeeInvis .     - Unarmed
rCold   . . .      Faith    .   (shield currently unavailable)
rNeg    . . .      Spirit   .   (helmet currently unavailable)
rPois   x          Reflect  .   f - amulet of regeneration
rElec   .          Harm     .   c - ring of the Astrological God {Will+, Elem, Alch} (curse)
rCorr   .          Rampage  .   (no ring)
Will    +....                   (no ring)
Stlth   ++........              (no ring)
HPRegen 0.97/turn               (no ring)
MPRegen 0.14/turn               (no ring)
                                (no ring)
                                (no ring)

@: spider-form
A: venomous fangs, almost no armour, (amphibious), 8 rings, tiny, (camouflage
1), (gelatinous body 1), (nimble swimmer 1), (tentacles)
a: End Transformation, Renounce Religion, Shatter the Chains


You were on level 6 of the Dungeon.
You worshipped Ashenzari.
Ashenzari was noncommittal.
You were a venomous arachnid creature.
You visited 2 branches of the dungeon, and saw 7 of its levels.

You collected 294 gold pieces.

Inventory:

Jewellery
 c - the cursed ring of the Astrological God (left front leg) {Will+, Elem, Alch}
   (You found it on level 1 of the Dungeon)

   [ring of willpower]

   Will:      It increases your willpower.
   It has a curse which improves the following skills: Elements: Fire Magic, Ice
   Magic, Air Magic and Earth Magic.
   Alchemy:   Poison Magic and Transmutations.
 f - an amulet of regeneration (around neck)
Scrolls
 a - 3 scrolls of teleportation
 b - a scroll of enchant weapon
 k - a scroll of fear
Potions
 d - 2 potions of magic
 e - 2 potions of ambrosia
 h - a potion of haste {unknown}
 i - a potion of attraction
 j - a potion of might
 l - a potion of heal wounds {unknown}


   Skills:
 * Level 3.3 Fighting
 * Level 4.4 Dodging
 + Level 5.5 Unarmed Combat
 * Level 4.5 Spellcasting
 * Level 4.3(4.8) Transmutations


You had 10 spell levels left.
You knew the following spells:

 Your Spells              Type           Power      Damage    Failure   Level
a - Beastly Appendage     Tmut           42%        N/A       8%          1
b - Wereblood             Tmut           21%        N/A       11%         2
c - Spider Form           Tmut/Pois      12%        N/A       34%         3

Your spell library contained the following spells:

 Spells                   Type           Power      Damage    Failure   Level
 Poisonous Vapours        Pois/Air       8%         N/A       41%         2
 Corpse Rot               Necr/Air       8%         N/A       43%         2
 Sublimation of Blood     Necr           4%         N/A       43%         2
 Ice Form                 Ice/Tmut       12%        N/A       67%         4
 Petrify                  Tmut/Erth      12%        N/A       67%         4
 Irradiate                Conj/Tmut      6%         3d16      93%         5


Dungeon Overview and Level Annotations

Branches:
Dungeon (6/15)             Temple (1/1) D:4

Altars:
Ashenzari
Cheibriados
Dithmenos
Elyvilon
Fedhas
Gozag
Hepliaklqana
Kikubaaqudgha
Nemelex Xobeh
Okawaru
Qazlal
Ru
Sif Muna
Trog
Uskayaw
Vehumet
Wu Jian
Xom
Yredelemnul
Zin
The Shining One

Shops:
D:4 [

Annotations:
D:6 Pikel


Innate Abilities, Weirdness & Mutations

You are a venomous arachnid creature.
You have poisonous fangs.
You are tiny and dextrous.
Your spellcasting is less reliable in this form.
Your armour is entirely melded.
You are incapable of wielding weapons or throwing items.
You cannot wear most types of armour.
((You are amphibious.))
You can wear up to eight rings at the same time.
((Your skin changes colour to match your surroundings (Stealth+).))
((Your rubbery body absorbs attacks. (AC +1, EV +1)))
((You are camouflaged near water. (Stealth+)))
((You have tentacles for arms and can constrict up to eight enemies at once.))


Message History

The howler monkey misses you. The lemure misses you.
Your transformation is almost over.
The howler monkey hoots and howls with incredible vigour!
You hear a shout! x3
The howler monkey misses you.
You hit the howler monkey but do no damage.
The howler monkey looks even sicker.
The howler monkey is heavily wounded.
The howler monkey closely misses you.
You bite the howler monkey!
The howler monkey looks as sick as possible!
The howler monkey is almost dead.
The howler monkey barely misses you.
You hit the howler monkey.
You feel a bit better.
You kill the howler monkey!
Unknown command.
You hiss as the wereblood boils in your veins!
You hiss as the wereblood boils in your veins!
Your transformation has ended.
Your primal bloodlust is almost over.
An orc wizard comes into view. It is wielding a +0 dagger.
Casting: Wereblood (safe; 3% risk of failure)
Confirm with . or Enter, or press ? or * to list all spells.
You turn into a venomous arachnid creature.
The orc wizard shouts!
You hear a shout!
Pikel zaps a wand.
You resist with almost no effort.
You hit Pikel but do no damage.
Pikel is severely wounded.
Pikel hits you with a +0 whip of electrocution.
The lemure barely misses you.
You hit Pikel.
Pikel looks even sicker.
Pikel is severely wounded.
Pikel misses you. The lemure completely misses you.
Unknown command.
You hit Pikel.
Pikel looks as sick as possible!
Pikel is almost dead.
Your primal bloodlust has ended.
Pikel hits you with a +0 whip of electrocution.
* * * LOW HITPOINT WARNING * * *
You are electrocuted!
You die...

.....#..........
#.........###
##......###
##...### ##..#
##.## #55##
##5K# ##s## #..#
##.# .o# #.# #.
.. ..# ..


You could see Pikel (extremely poisoned), 3 lemures and an orc wizard.

Vanquished Creatures
  Eustachio (D:5)
  A water moccasin (D:5)
  A black bear (D:5)
  A sky beast (D:5)
  A phantom (D:5)
  A lemure (D:6)
  A scorpion (D:5)
  A howler monkey (D:6)
  A jelly (D:4)
  An orc priest (D:5)
  4 hounds
  A bullfrog skeleton (D:5)
  An iguana (D:4)
  Natasha (D:4)
  A hound skeleton (D:3)
  3 adders
  An adder skeleton (D:4)
  A worm (D:2)
  4 dart slugs
  7 orcs
  6 bats
  5 endoplasms
  A giant cockroach (D:1)
  7 hobgoblins
  14 jackals
  4 quokkas
  3 ball pythons
  A frilled lizard (D:1)
  7 goblins
  7 kobolds
  11 rats
100 creatures vanquished.

Notes
Turn   | Place    | Note
-------+----------+-------------------------------------------
     0 | D:1      | ytrimaz the Octopode Transmuter began the quest for the
                  | Orb.
     0 | D:1      | Reached XP level 1. HP: 13/13 MP: 3/3
    36 | D:1      | Reached XP level 2. HP: 10/18 MP: 3/5
    39 | D:1      | Learned a level 2 spell: Wereblood
   383 | D:1      | Reached XP level 3. HP: 23/23 MP: 4/6
   387 | D:1      | Learned a level 3 spell: Spider Form
  1219 | D:2      | Found a hide-covered altar of Uskayaw.
  2059 | D:3      | Reached XP level 4. HP: 26/28 MP: 5/7
  2654 | D:3      | Found a bloodstained altar of Trog.
  2654 | D:3      | Found a hide-covered altar of Uskayaw.
  3031 | D:4      | Found a staircase to the Ecumenical Temple.
  3038 | D:4      | Reached XP level 5. HP: 19/34 MP: 5/9
  3046 | Temple   | Entered the Ecumenical Temple
  3294 | Temple   | Became a worshipper of Ashenzari the Shackled
  3433 | D:4      | Found Lyliarhi's Antique Armour Shop.
  3795 | D:4      | Noticed Natasha
  3806 | D:4      | Killed Natasha
  3807 | D:4      | Reached skill level 4 in Unarmed Combat
  3807 | D:4      | Reached XP level 6. HP: 39/39 MP: 5/11
  3963 | D:5      | Entered Level 5 of the Dungeon
  3974 | D:5      | Noticed a black bear
  3993 | D:5      | Killed a black bear
  4189 | D:5      | Reached XP level 7. HP: 29/45 MP: 8/12
  4714 | D:5      | Noticed Eustachio
  4729 | D:5      | Killed Eustachio
  4730 | D:5      | Reached skill level 5 in Unarmed Combat
  4730 | D:5      | Reached XP level 8. HP: 52/52 MP: 11/14
  4875 | D:6      | Noticed Pikel
  4910 | D:6      | Slain by Pikel

Illustrated notes

Levels and vault maps discovered:
D:1:      dpeg_arrival_arbitrary_b, layout_basic
D:2:      layout_basic, serial_glass, glass_columns_a, glass_columns_a,
          basic_altar, moated_statue, kennysheep_generic_room_11
D:3:      layout_basic, jmf_multi_god_temple, minmay_fractal_squares_gapless_5
D:4:      layout_loops_cross, minmay_temple_entry_mist, serial_shops,
          nicolae_shop_trees, uniq_natasha
D:5:      layout_basic, uniq_eustachio
D:6:      layout_cave_pods, gup_sewer_entry_spiral, nicolae_ossuary_entry_plus,
          uniq_pikel
Temple:   mainiacjoe_temple_bowtie_tessellation

Skill      XL: |  1  2  3  4  5  6  7 |
---------------+----------------------+-----
Spellcasting   | 3 4 |  4.5
Transmutations | 3 4 |  4.3
Fighting       | 2 3 |  3.3
Dodging        | 3 4 |  4.4
Unarmed Combat | 4 5 |  5.5

Action                   |  1- 3 |  4- 6 |  7- 9 || total
-------------------------+-------+-------+-------++-------
Melee: Unarmed           |    95 |   143 |    67 ||   305
       Constrict         |    25 |    28 |     2 ||    55
       Tentacles         |    14 |    18 |     1 ||    33
       Kick              |    15 |    22 |       ||    37
       Punch             |     2 |     1 |       ||     3
 Cast: Beastly Appendage |    19 |    20 |     2 ||    41
       Wereblood         |     3 |     2 |     2 ||     7
       Spider Form       |       |     5 |     5 ||    10
Invok: Curse Item        |       |     1 |       ||     1
  Use: Scroll            |     5 |     5 |     1 ||    11
       Potion            |       |       |     3 ||     3
 Stab: Sleeping          |     4 |     2 |     1 ||     7
Armor: Skin              |    15 |    12 |     2 ||    29
Dodge: Dodged            |    67 |   103 |    72 ||   242

Table legend: (Time is in decaauts)
 A = Elapsed time spent in this place.
 B = Non-inter-level travel time spent in this place.
 C = Inter-level travel time spent in this place.
 D = Time resting spent in this place.
 E = Time spent auto-exploring this place.
 F = Levels seen in this place.
 G = Mean time per level.
                   A        B        C        D        E       F      G
               +--------+--------+--------+--------+--------+-----+--------+
         Total |   4886 |   4800 |     86 |    236 |   3558 |   7 |  698.0 |
       Dungeon |   4612 |   4551 |     61 |    236 |   3347 |   6 |  768.7 |
        Temple |    274 |    249 |     25 |      0 |    211 |   1 |  274.0 |
               +--------+--------+--------+--------+--------+-----+--------+

Top non-repeatable levels by time:
     D:1: 1166 daAuts
     D:3: 1040 daAuts
     D:5: 904 daAuts
     D:2: 799 daAuts
     D:4: 668 daAuts
  Temple: 274 daAuts
     D:6: 33 daAuts
